 Dungeon Crawl Stone Soup version 0.31-a0-95-g6fa058ef04 (webtiles) character file.

Game seed: 17379469078740003213

256 Jackthecabe the Grave Robber (level 5, -1/35 HPs)
             Began as a Mummy Necromancer on May 25, 2023.
             Was an Initiate of Ashenzari.
             Slain by a crimson imp (2 damage)
             ... on level 4 of the Dungeon.
             The game lasted 00:06:44 (3886 turns).

Jackthecabe the Grave Robber (Mummy Necromancer)    Turns: 3886, Time: 00:06:44

Health: -1/35      AC:  3    Str: 11    XL:     5   Next: 92%
Magic:  9/9        EV: 12    Int: 17    God:    Ashenzari [......]
Gold:   207        SH:  0    Dex: 12    Spells: 1/10 levels left

rFire   x . .        f - +1 whip (venom)
rCold   + . .        (no shield)
rNeg    + + +        a - +0 robe
rPois   ∞            d - +1 hat
rElec   .            (no cloak)
rCorr   .            (no gloves)
SInv    .            (no boots)
Will    .....        (no amulet)
Stlth   ++           (no ring)
HPRegen 0.25/turn    (no ring)
MPRegen 0.11/turn

%: faith
@: about to teleport
A: cold resistance 1, negative energy resistance 3, torment resistance 2, heat
vulnerability 1, in touch with death 1, no potions, faith
a: Renounce Religion


You were on level 4 of the Dungeon.
You worshipped Ashenzari.
Ashenzari was noncommittal.
You visited 2 branches of the dungeon, and saw 5 of its levels.

You collected 207 gold pieces.


Innate Abilities, Weirdness & Mutations

You are immune to poison.
Your flesh is cold resistant. (rC+)
You are immune to negative energy. (rN+++)
You are immune to unholy pain and torment.
You are vulnerable to heat. (rF-)
You are in touch with the powers of death.
You do not drink.
You have a special connection with the divine. (Faith)


   Skills:
 - Level 1.5 Dodging
 - Level 1.5 Stealth
 - Level 3.0 Spellcasting
 * Level 6.8 Necromancy
 + Level 0.8 Air Magic
 + Level 0.8 Poison Magic


You had one spell level left.
You knew the following spells:

 Your Spells              Type           Power      Damage    Failure   Level
c - Call Canine Familiar  Summ           2%         N/A       45%         3
p - Poisonous Vapours     Pois/Air       8%         N/A       22%         2
v - Vampiric Draining     Necr           38%        2d8       3%          3
X - Necrotise             Necr           100%       1d9       1%          1

Your spell library contained the following spells:

 Spells                   Type           Power      Damage    Failure   Level
 Sting                    Tmut/Pois      8%         1d3       17%         1
 Summon Small Mammal      Summ           8%         N/A       17%         1
 Animate Dead             Necr           38%        N/A       11%         4
 Agony                    Necr           38%        N/A       28%         5
 Summon Guardian Golem    Hex/Summ       1%         N/A       52%         3
 Olgreb's Toxic Radiance  Pois           5%         N/A       77%         4

Inventory:

Hand Weapons
 b - a +0 club
 f - a +1 whip of venom (weapon)
Armour
 a - a +0 robe (worn)
 d - a +1 hat (worn)
Jewellery
 C - a ring of ice
Scrolls
 c - 2 scrolls of enchant armour
 e - a scroll of vulnerability
 g - a scroll of fog
 h - a scroll of noise
 j - a scroll of silence {unknown}
 k - a scroll of enchant weapon {unknown}

Dungeon Overview and Level Annotations

Branches:
Dungeon (4/15)             Temple (1/1) D:4

Altars:
Ashenzari
Fedhas
Gozag
Kikubaaqudgha
Nemelex Xobeh
Okawaru
Qazlal
Ru
Sif Muna
Uskayaw
Vehumet
Wu Jian
Xom
Yredelemnul

Shops:
D:1 [ D:2

! #...# ##...######.#### .# #..##
##.#........# .# #.##
#........###### .#
#.#####.#...##......# .#
#....##.#.......###.# .# ####.#
....##...#.#.# .#
#.####.........#.# .#
#....#.####......#
.##############5@.............#
.............##5#5#[...###.##.#
..######.###.##<#.##.#..##....###
...# ##..##....#.##.#........!.<
#..# #:..##....#.##.#...#..#####
#..####.>.##....#.##.#......#
.........)####+##.##.#.#.##.#
#######.#### ..##...#....# #
#....## ###...#######


You could see 3 crimson imps.


Message History

The crimson imp hits you with a +2 dagger of chaos.
The crimson imp blinks!
You barely miss the crimson imp.
The crimson imp is lightly wounded.
The crimson imp hits you with a +2 dagger of chaos.
The crimson imp burns you.
The crimson imp blinks!
You hit the crimson imp but do no damage.
The crimson imp misses you.
The crimson imp blinks!
The crimson imp hits you with a +2 dagger of chaos.
The crimson imp burns you.
* * * LOW HITPOINT WARNING * * *
Unknown command.
You closely miss the crimson imp.
The crimson imp hits you with a +2 dagger of chaos.
* * * LOW HITPOINT WARNING * * *
The crimson imp burns you.
* * * LOW HITPOINT WARNING * * *
Unknown command.
As you read the scroll of teleportation {@r2}, it crumbles to dust.
You feel strangely unstable. The crimson imp closely misses you.
The crimson imp hits you.
* * * LOW HITPOINT WARNING * * *
Unknown command.
The crimson imp hits you.
* * * LOW HITPOINT WARNING * * *
The crimson imp hits you.
* * * LOW HITPOINT WARNING * * *
The crimson imp attacks as you move away!
The crimson imp hits you.
You die...

Skill      XL: |  1  2  3  4 |
---------------+-------------+-----
Spellcasting   | 3 |  3.0
Necromancy     | 5 6 |  6.8
Dodging        | |  1.5
Stealth        | |  1.5
Air Magic      | |  0.8
Poison Magic   | |  0.8

Action                     |  1- 3 |  4- 6 || total
---------------------------+-------+-------++-------
  Melee: Unarmed           |     6 |       ||     6
         Club              |     4 |       ||     4
         Whip              |     5 |    29 ||    34
   Cast: Necrotise         |    74 |    50 ||   124
    Use: Scroll            |       |     6 ||     6
 Armour: Robe              |     6 |     1 ||     7
  Dodge: Dodged            |    16 |    17 ||    33

Levels and vault maps discovered:
D:1:      amcnicky_arrival_wind_blow, layout_basic, serial_shops, shop
D:2:      layout_basic, serial_shops, shop, kennysheep_generic_room_10
D:3:      layout_loops_ring, general_overflow_altar, minmay_increasing_density
D:4:      layout_basic, led_xom_imps, minmay_temple_entry_offerings
Temple:   nicolae_temple_bog_church

Notes
Turn   | Place    | Note
-------+----------+-------------------------------------------
     0 | D:1      | Jackthecabe the Mummy Necromancer began the quest for the
                  | Orb.
     0 | D:1      | Reached XP level 1. HP: 13/13 MP: 4/4
   217 | D:1      | Reached skill level 3 in Spellcasting
   246 | D:1      | Reached XP level 2. HP: 19/19 MP: 0/6
   355 | D:1      | Found Sic Tijo's Antique Armour Shoppe.
  1092 | D:2      | Found Hotsouj's Distillery.
  1173 | D:2      | Gained mutation: You are in touch with the powers of death.
                  | [Mummy growth]
  1173 | D:2      | Reached XP level 3. HP: 24/24 MP: 5/7
  1359 | D:2      | Reached skill level 5 in Necromancy
  1701 | D:2      | Reached XP level 4. HP: 22/30 MP: 0/8
  2069 | D:2      | Learned a level 3 spell: Vampiric Draining
  2072 | D:2      | Learned a level 2 spell: Poisonous Vapours
  2076 | D:2      | Learned a level 3 spell: Call Canine Familiar
  2423 | D:3      | Reached skill level 6 in Necromancy
  2760 | D:3      | Reached XP level 5. HP: 35/35 MP: 5/9
  3140 | D:4      | Found a staircase to the Ecumenical Temple.
  3151 | Temple   | Entered the Ecumenical Temple
  3337 | Temple   | Became a worshipper of Ashenzari the Shackled
  3857 | D:4      | Found a shimmering altar of Xom.
  3885 | D:4      | HP: 2/35 [crimson imp (3)]
  3886 | D:4      | Slain by a crimson imp

Vanquished Creatures
  A scorpion (D:4)
  A jelly (D:3)
  An iguana (D:4)
  4 gnolls (D:2)
  3 adders
  A shadow imp (D:3)
  A worm (D:2)
  A dart slug (D:3)
  An orc (D:4)
  3 ball pythons
  5 bats (D:1)
  6 endoplasms
  4 giant cockroaches
  7 goblins
  8 hobgoblins
  2 jackals (D:3)
  2 quokkas
  4 frilled lizards
  5 kobolds
  6 rats
66 creatures vanquished.

Vanquished Creatures (collateral kills)
  An orc (D:3)
  A giant cockroach (D:3)
2 creatures vanquished.

Grand Total: 68 creatures vanquished

Table legend: (Time is in decaauts)
 A = Elapsed time spent in this place.
 B = Non-inter-level travel time spent in this place.
 C = Inter-level travel time spent in this place.
 D = Time resting spent in this place.
 E = Time spent auto-exploring this place.
 F = Levels seen in this place.
 G = Mean time per level.
                   A        B        C        D        E       F      G
               +--------+--------+--------+--------+--------+-----+--------+
         Total |   3892 |   3771 |    121 |    202 |   2946 |   5 |  778.4 |
       Dungeon |   3684 |   3603 |     81 |    202 |   2791 |   4 |  921.0 |
        Temple |    208 |    169 |     39 |      0 |    155 |   1 |  208.0 |
               +--------+--------+--------+--------+--------+-----+--------+

Top non-repeatable levels by time:
     D:2: 1095 daAuts
     D:1: 1085 daAuts
     D:3: 951 daAuts
     D:4: 551 daAuts
  Temple: 208 daAuts

Table legend:
 A = Non-vault XP
 B = Vault XP
 C = Vault XP percentage of total XP
 D = Non-vault monster count
 E = Vault monster count
 F = Vault count percentage of total count
                 A         B        C        D         E       F
            +---------+---------+-------+---------+---------+-------
      Total |     311 |      55 |  15.0 |      60 |       8 |  11.8
            +---------+---------+-------+---------+---------+-------
        D:1 |      38 |       0 |   0.0 |      23 |       0 |   0.0
        D:2 |     100 |       2 |   2.0 |      16 |       1 |   5.9
        D:3 |      48 |      53 |  52.5 |      15 |       7 |  31.8
        D:4 |     125 |       0 |   0.0 |       6 |       0 |   0.0
            +---------+---------+-------+---------+---------+-------
